Cogmind - Beta 13 @@@ ROGUE MODE // 2024.03.06 @ 12:11:53 Player: Zon Result: Destroyed by Y-45 Defender with Heavy Assault Rifle Performance ------------- Evolutions (2) 1000 Regions Visited (6) 1200 Robots Destroyed (55) 275 Value Destroyed (1812) 1812 Prototype IDs (6) 120 Alien Tech Used (0) 0 Bonus (30) 30 TOTAL SCORE: 4437 Bonus ------- High Alert Combat Kills 33 Follower Combat Kills 167 Friendly Fire -170 Cogmind --------- Core Integrity 0/550 Matter 294/300 Energy 250/265 System Corruption 0% Temperature Cool (90) Movement Hovering (42) Location -8/Storage Parts ------- > --- POWER (1) -------- Improved Ion Engine > --- PROPULSION (3) --- Aerolev Unit Aerolev Unit Aerolev Unit > --- UTILITY (4) ------ Improved Heat Sink Weapon Cycler ECM Suite Improved Light Armor Plating > --- WEAPON (3) ------- Improved Medium Laser Improved Medium Laser Heavy Laser > --- INVENTORY (5) ---- Improved Ion Engine Aerolev Unit Aerolev Unit Light Armor Plating Beam Rifle Peak State ------------ > --- POWER ------------ Improved Ion Engine > --- PROPULSION ------- Aerolev Unit Aerolev Unit Aerolev Unit > --- UTILITY ---------- Improved Heat Sink Medium Storage Unit Weapon Cycler Improved Light Armor Plating > --- WEAPON ----------- Improved Medium Laser Heavy Laser Ion Cannon > --- INVENTORY -------- Ion Engine Ion Engine Aluminum Leg Carbon-fiber Leg Heat Sink Improved Heat Sink ECM Suite Improved EM Shotgun Improved EM Shotgun Improved Medium Laser [Rating: 37] Favorites ----------- Power Ion Engine Engine Ion Engine Power Core Light Nuclear Core Propulsion Aluminum Leg Treads Light Treads Leg Aluminum Leg Hover Unit Aerolev Unit Flight Unit Improved Flight Unit Utility Heat Sink Device Heat Sink Storage Medium Storage Unit Processor Improved Targeting Computer Protection Improved Light Armor Plating Weapon Small Laser Energy Gun Small Laser Energy Cannon Beam Cannon Ballistic Cannon Improved Light Cannon Launcher EMP Blaster Build | -11 -10 -10 -10 -9 -8 -8 ------- Run | Yrd Mat Min Exi Min Mat Sto Slots Evolved 4 | . . . . . 4 . Power . | . . . . . . . Propulsion 1 | . . . . . 1 . Utility 2 | . . . . . 2 . Weapon 1 | . . . . . 1 . Parts Attached 79 | 7 2 7 2 7 24 30 Power 13 | 2 . 3 . 2 4 2 Engine 11 | 2 . 3 . 2 3 1 Core 2 | . . . . . 1 1 Reactor . | . . . . . . . Propulsion 20 | 2 . 2 . . 7 9 Treads 1 | . . . . . 1 . Leg 15 | 2 . 2 . . 6 5 Wheel . | . . . . . . . Hover 3 | . . . . . . 3 Flight 1 | . . . . . . 1 Utility 21 | 1 1 1 1 2 7 8 Device 11 | . . 1 . 1 5 4 Storage 6 | 1 1 . 1 . . 3 Processor 1 | . . . . 1 . . Hackware . | . . . . . . . Protection 3 | . . . . . 2 1 Artifact . | . . . . . . . Weapon 25 | 2 1 1 1 3 6 11 Energy Gun 16 | 2 . 1 1 2 3 7 Energy Cannon 3 | . 1 . . . 1 1 Ballistic Gun . | . . . . . . . Ballistic Cannon 2 | . . . . . 1 1 Launcher 4 | . . . . 1 1 2 Special Weapon . | . . . . . . . Impact Weapon . | . . . . . . . Slashing Weapon . | . . . . . . . Piercing Weapon . | . . . . . . . Special Melee Weapon . | . . . . . . . Unidentified Prototypes 6 | . . . . 1 1 4 Parts Lost 26 | . . 1 . 1 7 17 Power 4 | . . 1 . . 1 2 Propulsion 8 | . . . . . 2 6 Utility 4 | . . . . . 2 2 Weapon 10 | . . . . 1 2 7 Highest Loss Streak 11 | . . 1 . 1 4 11 To Critical Strikes . | . . . . . . . Average Slot Usage (%) 95 | . 91 100 100 93 95 82 Engine 11 | . 14 14 14 14 4 7 Leg 25 | . 28 28 28 28 25 16 Device 13 | . . 13 14 3 15 16 Storage 12 | . 20 14 14 14 9 9 Processor 1 | . . . . 4 4 . Protection 1 | . . . . . 4 4 Energy Gun 14 | . 20 14 14 14 12 18 Energy Cannon 9 | . 7 14 14 9 3 2 Ballistic Cannon 1 | . . . . . 7 . Launcher 1 | . . . . 4 3 2 Naked Turns 7 | . . . . . . 7 Heaviest Build 36 | 13 17 17 20 24 34 36 Greatest Support 42 | 20 20 27 27 27 37 42 Greatest Overweight (x) 5 | 4 . . . . 1 5 Average Overweight (x) . | . . . . . . . Largest Inventory Capacity 10 | 8 8 8 10 10 10 10 Average Capacity 8 | 7 8 8 8 10 10 8 Most Carried 10 | 6 8 8 8 10 10 10 Average Carried 8 | 4 7 7 8 9 9 7 Final Capacity 10 | 8 8 8 10 10 10 5 Final Carried 10 | 6 8 8 8 10 10 5 Class Distribution -------------------- 69% | Mutant 8% | Tank 6% | Gunner 4% | Skirmisher 4% | Scavenger-Gunner 4% | Scavenger-Tank Dominant Class ---------------- Mutant | -10/Materials Mutant | -10/Mines Mutant | -10/Exiles Mutant | -9/Mines Gunner | -8/Materials Skirmisher | -8/Storage Resources | -11 -10 -10 -10 -9 -8 -8 ----------- Run | Yrd Mat Min Exi Min Mat Sto Matter Collected 1173 | 270 . 90 . 75 400 338 Remotely . | . . . . . . . Salvage Created 2041 | 86 20 336 . . 801 798 Parts 106 | 2 1 19 . . 45 39 Haulers Intercepted 1 | . . . . . . 1 Recyclers Shooed . | . . . . . . . Parts Field Recycled . | . . . . . . . Retrieved Matter . | . . . . . . . Parts Self-Destructed . | . . . . . . . Prevented . | . . . . . . . Kills | -11 -10 -10 -10 -9 -8 -8 ------- Run | Yrd Mat Min Exi Min Mat Sto Combat Hostiles Destroyed 44 | . . 9 . . 19 16 Guns 20 | . . 6 . . 3 11 Cannons 13 | . . 3 . . 10 . AOE 10 | . . . . . 6 4 Classes Destroyed 10 | 1 1 3 . . 4 1 Worker 5 | . . 2 . . 2 1 Hauler 1 | . . . . . . 1 Recycler 2 | 1 . . . . . 1 Operator 1 | . 1 . . . . . Watcher 1 | . . . . . 1 . Swarmer 9 | . . 3 . . 6 . Grunt 26 | . . 6 . . 8 12 Duelist 1 | . . . . . 1 . Sentry 8 | . . . . . 4 4 Demolisher 1 | . . . . . 1 . Best Kill Streak 5 | 1 1 3 . . 5 4 Combat Bots Only 5 | . . 3 . . 5 3 Max Kills in Single Turn 3 | 1 1 1 . . 3 2 Gunslinging . | . . . . . . . Exploded 2 | . . . . . 2 1 Melee . | . . . . . . . Uniques/NPCs Destroyed . | . . . . . . . Combat | -11 -10 -10 -10 -9 -8 -8 -------- Run | Yrd Mat Min Exi Min Mat Sto Hostile Shots Fired 300 | . 12 53 . 8 88 139 Missed 92 | . 5 16 . 3 31 37 Damage Taken 3390 | . 57 488 . 70 997 1778 Core 667 | . 24 63 . 15 119 446 Absorbed by Shields . | . . . . . . . Core Remaining (%) 79 | 100 . . . 59 . . Volleys Fired 162 | 9 2 38 . 2 45 66 Largest 3 | 2 2 2 . 2 3 3 Hottest 185 | 80 80 100 . 125 151 185 Shots Fired 332 | 18 4 76 . 4 99 131 Gun 224 | 18 4 38 . 2 45 117 Cannon 91 | . . 38 . 2 46 5 Launcher 17 | . . . . . 8 9 Special . | . . . . . . . Kinetic 42 | . . . . . 40 2 Thermal 250 | 9 2 70 . 4 45 120 Explosive 7 | . . . . . . 7 Electromagnetic 33 | 9 2 6 . . 14 2 Robot Hit Streak 10 | 4 1 10 . 3 8 8 Robot Miss Streak 8 | 3 2 2 . 3 8 6 Penetration Max . | . . . . . . . Secondary Targets 1 | . . . . . . 1 Max Gunslinging Chain 1 | . . . . . . 1 Shots Hit Robots 198 | 9 1 49 . 3 57 79 Core Hits 113 | 2 1 20 . 4 39 47 Critical Kills . | . . . . . . . Critical Parts Destroyed . | . . . . . . . Critical Strikes 18 | 1 . . . . 4 13 Burn 15 | . . . . . 2 13 Blast 2 | . . . . . 2 . Corrupt 1 | 1 . . . . . . Melee Attacks . | . . . . . . . Impact . | . . . . . . . Slashing . | . . . . . . . Piercing . | . . . . . . . Sneak Attacks . | . . . . . . . Combat Hostiles . | . . . . . . . Follow-up Attacks . | . . . . . . . Damage Inflicted 4488 | 106 18 726 . 62 1526 2050 Guns 2025 | 106 18 323 . 28 380 1170 Cannons 1084 | . . 403 . 34 603 44 Explosions 1379 | . . . . . 543 836 Melee . | . . . . . . . Ramming . | . . . . . . . Kinetic 539 | . . . . . 518 21 Thermal 2519 | 53 . 662 . 62 549 1193 Explosive 744 | . . . . . . 744 Electromagnetic 686 | 53 18 64 . . 459 92 Impact . | . . . . . . . Slashing . | . . . . . . . Piercing . | . . . . . . . Highest Corruption . | . . . . . . . Average Corruption . | . . . . . . . Corruption Purged . | . . . . . . . Corruption Blocked . | . . . . . . . Overload Shots . | . . . . . . . Overflow Damage 22 | . . . . . . 22 Projectiles . | . . . . . . . Explosions 22 | . . . . . . 22 Melee . | . . . . . . . Knockbacks 6 | . . . . . 6 . Impact . | . . . . . . . Kinetic 4 | . . . . . 4 . Secondary 2 | . . . . . 2 . Self-Inflicted Damage 178 | . . . . . 104 74 Shots 6 | . . . . . 4 2 Rammed . | . . . . . . . Targets Rammed . | . . . . . . . Kicked . | . . . . . . . Crushed . | . . . . . . . Highest Temperature 384 | 144 36 318 . 125 227 384 Average Temperature 84 | 67 20 80 . 68 85 95 Received Heat Transfer 1689 | . . 267 . 27 450 945 Effects 8 | . . 1 . . . 7 Shutdowns 1 | . . . . . . 1 Energy Bleed 1 | . . 1 . . . . Interference 6 | . . . . . . 6 Siege Activations . | . . . . . . . Robots Corrupted . | . . . . . . . Combat Hostiles . | . . . . . . . Parts Fried . | . . . . . . . Impact Corruptions . | . . . . . . . Robots Melted 1 | . . . . . . 1 Combat Hostiles 1 | . . . . . . 1 Parts Melted 9 | . . 3 . . 2 4 Heat Transferred 6574 | 125 . 1451 . 109 1226 3663 Parts Sabotaged . | . . . . . . . Parts Stolen . | . . . . . . . Parts Stripped . | . . . . . . . Power Chain Reactions 5 | . . . . . 5 . Alert | -11 -10 -10 -10 -9 -8 -8 ------- Run | Yrd Mat Min Exi Min Mat Sto Peak Influence 453 | 5 72 132 . 40 453 428 Initial 191 | . 3 27 . . . 191 Average 140 | 2 48 47 . 3 242 276 Maximum Alert Level 2 | . . . . . 2 2 Low Security (%) 64 | 100 100 100 . 100 27 23 Level 1 33 | . . . . . 67 73 Level 2 1 | . . . . . 5 2 Level 3 . | . . . . . . . Level 4 . | . . . . . . . Level 5 . | . . . . . . . High Security . | . . . . . . . Max Security . | . . . . . . . Squads Dispatched 10 | . . . . . 8 2 Investigation 3 | . . . . . 3 . Extermination . | . . . . . . . Reinforcement 4 | . . . . . 2 2 Assault . | . . . . . . . Garrison 3 | . . . . . 3 . Intercept . | . . . . . . . Searches Triggered . | . . . . . . . Construction Impeded 1 | . . . . . 1 . Haulers Reinforced . | . . . . . . . Active Scanning Responses . | . . . . . . . Cargo Convoy Interrupts . | . . . . . . . Stealth | -11 -10 -10 -10 -9 -8 -8 --------- Run | Yrd Mat Min Exi Min Mat Sto Distress Signals 2 | . . . . . 1 1 Communications Jammed . | . . . . . . . Distress Signals . | . . . . . . . Times Spotted 66 | . 3 10 . 2 28 23 Peak Tracking Total 7 | . 3 3 . 2 7 5 Tactical Retreats 4 | . 1 . . . 3 . Traps | -11 -10 -10 -10 -9 -8 -8 ------- Run | Yrd Mat Min Exi Min Mat Sto Traps Triggered 1 | . . . . . 1 . Indirectly 1 | . . . . . 1 . Trap Hack Attempts . | . . . . . . . Triggered . | . . . . . . . Disarmed . | . . . . . . . Reprogrammed . | . . . . . . . Reused . | . . . . . . . Traps Extracted . | . . . . . . . Installed . | . . . . . . . Triggered . | . . . . . . . Machines | -11 -10 -10 -10 -9 -8 -8 ---------- Run | Yrd Mat Min Exi Min Mat Sto Machines Disabled 6 | . . . . . 1 5 Max in Single Turn 1 | . . . . . 1 1 Machines Repaired . | . . . . . . . Machines Dismantled . | . . . . . . . Machines Sabotaged . | . . . . . . . Overloaded Fab Kills . | . . . . . . . Hacking | -11 -10 -10 -10 -9 -8 -8 --------- Run | Yrd Mat Min Exi Min Mat Sto Machines Accessed 12 | . 2 2 2 . 3 3 Terminals 8 | . 2 1 . . 2 3 Fabricators . | . . . . . . . Repair Stations . | . . . . . . . Recycling Units . | . . . . . . . Scanalyzers 1 | . . . . . 1 . Garrison Access . | . . . . . . . Total Hacks 26 | . 4 3 6 . 9 4 Successful 15 | . 2 1 6 . 5 1 Failed 11 | . 2 2 . . 4 3 Catastrophic 2 | . . . . . 1 1 Database Lockouts . | . . . . . . . Manual . | . . . . . . . Terminals 16 | . 4 2 . . 6 4 Fabricators . | . . . . . . . Repair Stations . | . . . . . . . Recycling Units . | . . . . . . . Scanalyzers 3 | . . . . . 3 . Garrison Access . | . . . . . . . Terminal Hacks 12 | . 2 1 6 . 2 1 Record 7 | . . . 6 . 1 . Robot Analysis 1 | . 1 . . . . . Open Door 2 | . . 1 . . . 1 Alert Level 1 | . . . . . 1 . Hauler Manifests 1 | . 1 . . . . . Fabricator Hacks . | . . . . . . . Repair Station Hacks . | . . . . . . . Recycling Unit Hacks . | . . . . . . . Scanalyzer 3 | . . . . . 3 . Insert Component 1 | . . . . . 1 . Analyze 2 | . . . . . 2 . Garrison Access Hacks . | . . . . . . . Unauthorized Hacks . | . . . . . . . Terminals . | . . . . . . . Fabricators . | . . . . . . . Repair Stations . | . . . . . . . Recycling Units . | . . . . . . . Scanalyzers . | . . . . . . . Garrison Access . | . . . . . . . Data Cores Recovered 1 | . 1 . . . . . Used . | . . . . . . . Hacking Detections 7 | . 2 . . . 2 3 Full Trace Events 2 | . . . . . 2 . Feedback Events . | . . . . . . . Feedback Blocked . | . . . . . . . Robot Schematics Acquired . | . . . . . . . Robots Built . | . . . . . . . Authchips . | . . . . . . . Time . | . . . . . . . Total Robot Build Rating . | . . . . . . . Part Schematics Acquired 1 | . . . . . 1 . Parts Built . | . . . . . . . Authchips . | . . . . . . . Time . | . . . . . . . Total Part Build Rating . | . . . . . . . Parts Repaired . | . . . . . . . Time . | . . . . . . . Parts Recycled . | . . . . . . . Recycled Matter . | . . . . . . . Retrieved Matter . | . . . . . . . Retrieved Components . | . . . . . . . Parts Scanalyzed 1 | . . . . . 1 . Part Schematics Acquired 1 | . . . . . 1 . Parts Damaged . | . . . . . . . Bothacking | -11 -10 -10 -10 -9 -8 -8 ------------ Run | Yrd Mat Min Exi Min Mat Sto Used RIF Installer . | . . . . . . . Robots Hacked . | . . . . . . . Non-combat . | . . . . . . . Combat . | . . . . . . . Robot Hacks Applied . | . . . . . . . Relay Couplers Released . | . . . . . . . Fabnet Peak Effective % . | . . . . . . . Robots Rewired . | . . . . . . . Allies Hacked . | . . . . . . . Hacks Repelled . | . . . . . . . Allies | -11 -10 -10 -10 -9 -8 -8 -------- Run | Yrd Mat Min Exi Min Mat Sto Total Allies 5 | . . . . 5 . . Largest Group 5 | . . . . 5 4 . Highest-Rated Group 85 | . . . . 85 77 . Highest-Rated Ally 31 | . . . . 31 31 . Total Orders . | . . . . . . . Ally Attacks 34 | . . . . 10 24 . Total Damage 476 | . . . . 154 322 . Kills 5 | . . . . 2 3 . Allies Corrupted . | . . . . . . . Allies Melted . | . . . . . . . Intel | -11 -10 -10 -10 -9 -8 -8 ------- Run | Yrd Mat Min Exi Min Mat Sto Robot Analysis Total 1 | . 1 . . . . . Derelict Logs Recovered 1 | . . . . 1 . . Drone Launches . | . . . . . . . Drone Recoveries . | . . . . . . . Exploration | -11 -10 -10 -10 -9 -8 -8 ------------- Run | Yrd Mat Min Exi Min Mat Sto Turns Passed 4752 | 122 111 928 1469 546 772 804 Spaces Moved 3316 | 68 75 636 1171 407 475 484 Core 57 | 29 . . . . . 28 Treads . | . . . . . . . Legs 3076 | 39 75 636 1171 407 475 273 Wheels . | . . . . . . . Hover 183 | . . . . . . 183 Flight . | . . . . . . . Fastest Speed 42 | 50 120 120 125 125 123 42 Average Speed 122 | 115 120 122 125 125 124 112 Slowest Speed 330 | 250 120 125 125 125 200 330 Overloaded Moves . | . . . . . . . Propulsion Burnouts . | . . . . . . . Robots Hopped . | . . . . . . . Cave-ins Triggered . | . . . . . . . Exploration Rate (%) 52 | 5 21 84 92 88 30 47 Regions Visited 6 Branch Regions 4 Pre-discovered Areas 1 | . . . 1 . . . Known Exits Taken . | . . . . . . . Unknown Exits Taken 6 | 1 1 1 1 1 1 . Scrap Searched 3 | . . 1 . 2 . . Spaces Dug . | . . . . . . . Terrain Destroyed 50 | . . . . . 27 23 Melee . | . . . . . . . Projectile 4 | . . . . . 3 1 AOE 46 | . . . . . 24 22 Terrain Rammed . | . . . . . . . Walls Destroyed . | . . . . . . . Machines Disabled . | . . . . . . . Actions | -11 -10 -10 -10 -9 -8 -8 --------- Run | Yrd Mat Min Exi Min Mat Sto Total 3724 | 90 91 713 1177 440 577 636 Wait 76 | . 9 19 2 18 10 18 Move 3310 | 67 74 635 1170 406 474 484 Hop . | . . . . . . . Pick Up 49 | 7 3 6 1 . 15 17 Fast Attach 31 | 4 1 . . 5 4 17 Attach 24 | 2 . 2 . . 9 11 Detach 8 | . . . . 3 1 4 Swap 24 | 1 1 5 2 2 11 2 Drop 40 | . 1 8 2 4 8 17 Fire 162 | 9 2 38 . 2 45 66 Melee . | . . . . . . . Ram . | . . . . . . . Kick . | . . . . . . . Crush . | . . . . . . . Escape Stasis . | . . . . . . . Rewire . | . . . . . . . Trap . | . . . . . . . Miscellaneous . | . . . . . . . Route ------- -11/Scrapyard -10/Materials -10/Mines (discovered 2 exits: [*Mat] / *Exi) -10/Exiles (discovered 2 exits: [*Min x2]) -9/Mines (discovered 2 exits: *Mat x2) -8/Materials -8/Storage History --------- Turn | Location | Event 3 | -11/Scrapyard | Discovered new exit (range 14) 123 | -11/Scrapyard | Entered Materials 186 | -10/Materials | Discovered new exit (range 14) 234 | -10/Materials | Entered Mines 301 | -10/Mines | Build established: Mutant 426 | -10/Mines | Discovered new exit (range 13) 713 | -10/Mines | Met a Derelict who couldn't figure out how to use a Trap Extractor 1090 | -10/Mines | Deemed a non-threat by the Exiles lab entrance 1090 | -10/Mines | Discovered new exit (range 5) 1128 | -10/Mines | Assembled infested the area 1162 | -10/Mines | Entered Exiles 1193 | -10/Exiles | Met 8R-AWN 1215 | -10/Exiles | Met EX-HEX 1298 | -10/Exiles | Met EX-DEC 1325 | -10/Exiles | Visited The Gauntlet 1486 | -10/Exiles | Learned location of Zion (-6) 1533 | -10/Exiles | Met EX-BIN 1716 | -10/Exiles | Discovered new exit (range 14) 1856 | -10/Exiles | Discovered new exit (range 14) 2631 | -10/Exiles | Entered Mines 2781 | -9/Mines | Found a damaged Exp. Sensor Array with a note attached 2787 | -9/Mines | Found Prototype Device 2787 | -9/Mines | Identified Exp. Sensor Array 2910 | -9/Mines | Assisted by bots powering up and referring to "LRC-V3" 2970 | -9/Mines | Discovered new exit (range 9) 3021 | -9/Mines | Discovered new exit (range 15) 3031 | -9/Mines | Learned Materials garrison access intel 3177 | -9/Mines | Entered Materials 3177 | -8/Materials | Accompanied by 4 allies 3177 | -8/Materials | Evolved 4 slots: Propulsion x1, Utility x2, Weapon x1 3178 | -8/Materials | Loaded intel: 1 garrison access location 3182 | -8/Materials | Led the pair of lost Derelicts to an unsafe place 3323 | -8/Materials | Garrison activated, responded to threat 3354 | -8/Materials | Lost 3 allies 3651 | -8/Materials | Build established: Gunner 3680 | -8/Materials | Lost 4 parts (2n1u1w) 3725 | -8/Materials | Discovered new exit (range 16) 3949 | -8/Materials | Entered Storage 4160 | -8/Storage | Lost 3 parts (2n1w) 4202 | -8/Storage | Core integrity fell below 50% 4248 | -8/Storage | Lost 11 parts (2p3n1u5w) 4259 | -8/Storage | Core integrity fell below 20% 4753 | -8/Storage | Destroyed by Y-45 Defender with Heavy Assault Rifle Last Messages --------------- 04672_ Imp. Medium Laser temporarily disabled. 04672_ ECM Suite temporarily disabled. 04675_ K-01 Serf collects debris. 04683_ G-47 Trooper destroyed. 04689_ G-47 Trooper suffers critical hit (Burn). 04689_ G-47 Trooper destroyed. 04689_ Switching to secondary target: Y-45 Defender. 04692_ Y-45 Defender suffers critical hit (Burn). 04694_ Power failure, Imp. Ion Engine shutdown. 04694_ Overheating: System interference. 04694_ Weapon Cycler temporarily disabled. 04694_ Imp. Medium Laser temporarily disabled. 04730_ Y-45 Defender suffers critical hit (Burn). 04731_ Y-45 Defender critical meltdown. [Achievement: It's Just You] 04733_ Dropped Aerolev Unit. 04735_ Acquired Beam Rifle. 04736_ Dropped Ion Engine. 04737_ Acquired Imp. Ion Engine. 04738_ Acquired 54 matter. Map ----- +----------------------------------------------------+ | ????????????????????# =[ # T #????? | | ????????????????????# !! # =##### #????? | | ????????????????????######%### #???## ###????? | | ?????????????????????????##### ######+####???? | | ????????????????????????????# * # #???? | | ????????????????????????????# = # """"" ##### | | ????????????????????????????# T!# ????" ##!!! | | ????????????????????????????# # ????"" ##!!! | | ????????????????????????????## ## ????" ##! | | ?????????????????????????????# ## ????" ##! | | ?????????????????????#???????# ## """"" ###" | | ????????????????????? ######?# ## % ## | | ????????????????????? ### ## =%= ## | | ?????????????????????" ## ##+#########+# | | ????????????????????"" ## | | ??????????????????#""" ## | | ??????????????????# T# ##+#####+#### | | ??????????????????#""" ### ##???????????# | | ??????????????????#""" #?# #????????????# | | ??????????????????#""" [ ??# #????????????# | | ???????????????????? ????# #????????????# | | ???????????????????###+##???## ##???????????# | | ???????????????????# ##### #?????" ????# | | ???????????????????# ! #??"""" ### | | ???????????????????# k r %!+ + | | ???????????????????# @ ##### ![#??########## | | ???????????????????## ##???######???????????# | | ????????????????????# k#?????????????????????## | | ????????????????????# #??????????????????????# | | ????????????????????# #??????????????????????? | | ????????????????????# #??????????????????????? | | ???????????????????? Y ?????????????????????#? | | ???????????????????? ??????????????????????? | | ???????????????????? k ????????????????????#?? | | ???????????????????# ??????????????????????# | | ???????????????????## #??????????????????????? | | ????????????????????# ???????????????????????? | | ????????????????????# ???????????????????????? | | ????????????????????? Y???????????????????????? | | ?????????????????????k ???????????????????????? | | ????????????????????? ???????????????????????? | | ??????????????????????????????????????????????? | | ??????????????????????????????????????????????? | | ??????????????????????????????????????????????? | | ??????????????????????????????????????????????? | | ??????????????????????????????????????????????? | | ??????????????????????????????????????????????? | | ??????????????????????????????????????????????? | | ??????????????????????????????????????????????? | | ??????????????????????????????????????????????? | +----------------------------------------------------+ Best States ------------- Heat Dissipation 53 Energy Generation 14 Energy Capacity 515 Matter Stores 300 Matter Capacity 300 Sight Range 16 Terrain Scan Range 16 Terrain Scan Density 10 ECM Strength 1 Armor Coverage 150 Utility Shielding 33 Weapon Cycling 15 Evasion (%) 56 Targeting Accuracy 6 Recoil Reduction 1 Item Schematics ----------------- Imp. Trap Extractor | -8/Materials | Scanalyzed Robot Schematics ------------------ None Fabricated ------------ Nothing Alien Tech Used ----------------- None Achievements -------------- It's Just You Shopping List Challenges ------------ None Game ------ Seed ScrapSmallReactor Manual? 0 Play Time 01:23:10 Cumulative 13.3 hours Start 2024.03.06 @ 10:28:19 End 2024.03.06 @ 12:11:53 Sessions 3 Manual Loads 0 Difficulty Rogue Special Mode None Game No. 6 Rogue 6 Adventurer 0 Explorer 0 Win Type - Total 0 Types 0/0/0/0/0/0/0/0/0 Lore% 14 Gallery% 14 Achievement% 15 Wizard Run 0 Options --------- Layout 0 ASCII 0 Keyboard 0 Movement Mouse Keybinds 0 Fullscreen 1 Font 24/Smallcaps Map View 76x50 Zoom Use 0% Tactical HUD 1 Map Filters NONE Filters NONE Steam 1 RUN: e072bb49-9084-4aa7-a0a3-18d960dd022f